 Dungeon Crawl Stone Soup version 0.32-a0-132-g2d33c3cfaf (webtiles) character file.

Game seed: 8602369402730350606

13827 hikkokomori the Grappler (level 11, -4/105 HPs)
             Began as a Troll Fighter on Feb 9, 2024.
             Was a High Priest of Okawaru.
             Killed from afar by a gargoyle (23 damage)
             ... with a stone arrow
             ... on level 10 of the Dungeon.
             The game lasted 00:25:24 (9723 turns).

hikkokomori the Grappler (Troll Fighter)            Turns: 9723, Time: 00:25:25

Health: -4/105     AC:  5    Str: 26    XL:     11   Next: 80%
Magic:  11/11      EV:  4    Int:  4    God:    Okawaru [*****.]
Gold:   322        SH: 29    Dex: 13    Spells: 10/10 levels left

rFire   . .          .
                       - Unarmed
rCold   . . .        S - +18 shield of the Gong {Loud rN+ Will+ rCorr EV-5}
rNeg    + . .        V - +0 troll leather armour
rPois   +            (helmet restricted)
rElec   .            E - scarf {repulsion}
rCorr   +            (gloves unavailable)
SInv    +            (boots unavailable)
Will    +....        (no amulet)
Stlth   ++           D - ring of see invisible
HPRegen 1.97/turn    Q - ring of poison resistance
MPRegen 0.12/turn

%: repel missiles
@: lethally poisoned (-4 -> -4), slowed, very slow
A: large, unfitting armour, claws 3, regeneration 1, shaggy fur 1, tough skin 1
a: Renounce Religion, Heroism, Finesse, Duel


You were on level 10 of the Dungeon.
You worshipped Okawaru.
Okawaru was extremely pleased with you.
You visited 2 branches of the dungeon, and saw 12 of its levels.
You also visited: Sewer.

You collected 697 gold pieces.
You spent 375 gold pieces at shops.

Inventory:

Missiles
 k - 114 stones
 p - 33 poisoned darts
 y - a curare-tipped dart
 B - 15 large rocks
 C - 6 atropa-tipped darts
 G - 2 throwing nets
 L - a boomerang (quivered)
Armour
 a - a +0 robe
 b - a +1 kite shield
 E - a scarf of repulsion (worn)
 F - a +0 tower shield
 O - +0 steam dragon scales
 S - the +18 shield of the Gong (worn) {Loud rN+ Will+ rCorr EV-5}
   (You found it on level 8 of the Dungeon)

   Loud:      It is deafeningly noisy when blocking attacks.
   EV-5:      It affects your evasion (-5).
   rN+:       It protects you from negative energy.
   Will+:     It increases your willpower.
   rCorr:     It protects you from acid and corrosion.
 V - a +0 troll leather armour (worn)
Jewellery
 t - a ring of ice
 D - a ring of see invisible (left claw)
 N - a ring of ice
 Q - a ring of poison resistance (right claw)
 U - an amulet of faith
 Y - an amulet of magic regeneration
Talismans
 l - a storm talisman
 W - a maw talisman
Wands
 T - a wand of acid (4)
Scrolls
 d - 2 scrolls of butterflies {unknown}
 e - 6 scrolls of teleportation
 g - 2 scrolls of immolation {unknown}
 m - 4 scrolls of enchant armour
 o - 2 scrolls of poison {unknown}
 r - 3 scrolls of silence {unknown}
 u - a scroll of blinking {unknown}
 z - 2 scrolls of fog {unknown}
 A - a scroll of fear {unknown}
 I - 3 scrolls of vulnerability {unknown}
 J - a scroll of brand weapon {unknown}
 M - a scroll of noise {unknown}
 P - a scroll of revelation
 R - 3 scrolls of identify
 X - 2 scrolls of enchant weapon {unknown}
Potions
 c - 5 potions of might
 f - 6 potions of curing
 h - 4 potions of heal wounds
 i - a potion of resistance
 j - a potion of lignification {unknown}
 n - 3 potions of berserk rage
 q - 2 potions of attraction
 s - a potion of brilliance
 v - 3 potions of mutation
 w - a potion of invisibility
 x - a potion of haste
 H - a potion of magic
 K - 2 potions of enlightenment


   Skills:
 - Level 6.0 Fighting
 - Level 5.0 Throwing
 - Level 4.0 Armour
 - Level 3.0 Dodging
 - Level 2.0 Stealth
 + Level 10.1 Shields
 - Level 12.0 Unarmed Combat
 - Level 2.0 Invocations


You had 10 spell levels left.
You didn't know any spells.
Your spell library contained the following spells:

 Spells                   Type           Power      Damage    Failure   Level
 Apportation              Tloc           0%         N/A       73%         1
 Freeze                   Ice            0%         1d3       73%         1
 Magic Dart               Conj           0%         1d3       73%         1
 Necrotise                Necr           0%         1d4       73%         1
 Sting                    Conj/Alch      0%         1d3       73%         1
 Blink                    Tloc           0%         N/A       86%         2
 Mercury Vapours          Alch/Air       0%         N/A       86%         2
 Frozen Ramparts          Ice            0%         1d1       97%         3
 Hailstorm                Conj/Ice       0%         3d5       97%         3
 Mephitic Cloud           Conj/Alch/Air  0%         N/A       97%         3
 Anguish                  Hex/Necr       0%         N/A       100%        4
 Cause Fear               Hex            0%         N/A       100%        4
 Freezing Cloud           Conj/Ice/Air   0%         6-21      100%        5
 Enfeeble                 Hex            0%         N/A       100%        7
 Summon Small Mammal      Summ           Unusable   N/A       N/A         1
 Call Imp                 Summ           Unusable   N/A       N/A         2

Dungeon Overview and Level Annotations

Branches:
Dungeon (11/15)            Temple (1/1) D:4           Sewer (visited)
   Lair: D:8-11         Orc: D:9-12

Altars:
Ashenzari
Cheibriados
Dithmenos
Elyvilon
Fedhas
Gozag
Hepliaklqana
Kikubaaqudgha
Makhleb
Nemelex Xobeh
Okawaru
Qazlal
Ru
Sif Muna
Trog
Uskayaw
Vehumet
Wu Jian
Xom
Yredelemnul
Zin
The Shining One

Shops:
D:8 =*(*[!

Portals:
Trove: D:10 (give +3 gold dragon scales)

Annotations:
D:9 2 transporters, Azoth's ghost, novice DEBr


Innate Abilities, Weirdness & Mutations

You are too large for most types of armour.
You have claws for hands.
Your natural rate of healing is unusually fast.
You are covered in fur. (AC +1)
You have tough skin. (AC +1)


Message History

The centaur barely misses you.
You barely miss the kobold demonologist.
The kobold demonologist is heavily wounded.
You block the killer bee's attack.
SHROANNG!
You block the centaur's attack.
BONNNG!
You block the centaur's attack.
GONNNNG!
The killer bee stings you.
You are poisoned.
The killer bee poisons you!
The kobold demonologist casts a spell.
The gargoyle completely misses you. The centaur hits you.
The centaur kicks you but does no damage.
The killer bee stings you.
The gargoyle hurls a stone arrow at you.
The stone arrow hits you!!
* * * LOW HITPOINT WARNING * * *
The kobold demonologist hits you with a +0 dagger.
* * * LOW HITPOINT WARNING * * *
You claw the kobold demonologist!
The kobold demonologist is heavily wounded.
You feel very sick. You block the killer bee's attack.
GONNNNG!
You block the centaur's attack.
SHROANNG!
You block the centaur's attack.
GONNNNG!
The killer bee stings you.
* * * LOW HITPOINT WARNING * * *
The kobold demonologist hits you with a +0 dagger.
* * * LOW HITPOINT WARNING * * *
The centaur hits you.
* * * LOW HITPOINT WARNING * * *
The centaur barely misses you.
The gargoyle hurls a stone arrow at you.
The stone arrow hits you!!
You die...

.##.##÷.# #.# #.##....# #.
.##..÷#.###.#####.##..### #.
#####.#..##.......##..#####
####. #
###.##..######..#...#...###....
#...........###..........##....
#...........###................
#...........5.5...........#....
#...........#cK9..........#####
#............†@y.[.......## #
###.....ß......5#[.)..#...## #
#..............####)####### #
#..............# #.))# #
...............# #...# #
...[..........## #...# #
#.............# #...# #
#........#....# #...# #
#........#...## ##### ##


You could see a kobold demonologist, a gargoyle, a centaur, a killer bee and 3
iron imps.

Vanquished Creatures
  5 two-headed ogres
  Erica (D:11)
  2 vault sentinels (D:7)
  2 kobold demonologists (D:10)
  2 trolls
  The ghost of zeratav the Sneak, an amateur OpSh (D:5)
  2 wraiths
  A shadow (D:10)
  22 yaks
  A wyvern (D:10)
  3 hogs (D:10)
  3 vampire mosquitoes (D:10)
  A human (D:10)
  3 steam dragons
  A water moccasin (D:9)
  An orc warrior (D:6)
  A phantom (D:5)
  5 kobold brigands
  4 gnoll sergeants
  8 bullfrogs
  2 scorpions
  12 wights
  10 killer bees
  A howler monkey (D:9)
  A jelly (D:7)
  3 orc priests
  3 hounds (D:5)
  Jessica (D:2)
  6 iguanas
  5 orc wizards
  11 adders
  21 gnolls
  4 river rats (Sewer)
  A shadow imp (D:5)
  2 white imps (D:6)
  6 dart slugs
  4 ribbon worms
  24 orcs
  5 ball pythons
  8 endoplasms
  6 giant cockroaches
  6 goblins
  A hobgoblin (D:4)
  11 jackals
  33 kobolds
  8 quokkas
  6 bats
  4 frilled lizards
  35 rats
309 creatures vanquished.

Vanquished Creatures (others)
  An orc (D:8)
1 creature vanquished.

Grand Total: 310 creatures vanquished

Notes
Turn   | Place    | Note
-------+----------+-------------------------------------------
     0 | D:1      | hikkokomori the Troll Fighter began the quest for the Orb.
     0 | D:1      | Reached XP level 1. HP: 22/22 MP: 0/0
   142 | D:1      | Reached XP level 2. HP: 29/29 MP: 1/1
   692 | D:1      | Reached XP level 3. HP: 36/36 MP: 2/2
   795 | D:2      | Noticed Jessica
   800 | D:2      | Killed Jessica
   936 | D:2      | Reached XP level 4. HP: 45/45 MP: 3/3
   943 | D:2      | Reached skill level 3 in Unarmed Combat
  1844 | D:3      | Reached skill level 4 in Unarmed Combat
  1844 | D:3      | Reached XP level 5. HP: 38/53 MP: 4/4
  1928 | D:3      | Found a faded altar of an unknown god.
  2045 | D:3      | Found a glowing drain.
  2088 | Sewer    | Entered a sewer
  2170 | Sewer    | Reached skill level 5 in Unarmed Combat
  2280 | Sewer    | Reached XP level 6. HP: 56/61 MP: 5/5
  2419 | Sewer    | Reached skill level 6 in Unarmed Combat
  3179 | D:3      | Found a shimmering altar of Xom.
  3404 | D:4      | Found a staircase to the Ecumenical Temple.
  3441 | Temple   | Entered the Ecumenical Temple
  3448 | Temple   | Became a worshipper of Warmaster Okawaru
  3754 | D:5      | Entered Level 5 of the Dungeon
  3869 | D:5      | Reached skill level 7 in Unarmed Combat
  3869 | D:5      | Reached XP level 7. HP: 54/67 MP: 6/6
  3968 | D:5      | Reached skill level 1 in Invocations
  4010 | D:5      | Reached skill level 1 in Stealth
  4165 | D:5      | Found a runed translucent gate.
  4165 | D:5      | Found a runed translucent gate.
  4165 | D:5      | Found a runed translucent gate.
  4171 | D:5      | Noticed zeratav's ghost (amateur OpSh)
  4998 | D:6      | Reached skill level 1 in Throwing
  5483 | D:7      | Reached XP level 8. HP: 68/75 MP: 8/8
  5740 | D:7      | Reached * piety under Okawaru
  5900 | D:7      | Reached skill level 5 in Shields
  6514 | D:5      | Killed zeratav's ghost
  6515 | D:5      | Reached skill level 5 in Fighting
  6828 | D:8      | Reached XP level 9. HP: 55/88 MP: 9/9
  6828 | D:8      | Noticed a vault sentinel
  6837 | D:8      | Noticed a vault sentinel
  6876 | D:7      | Killed a vault sentinel
  6877 | D:7      | Reached skill level 8 in Unarmed Combat
  6881 | D:7      | Noticed a troll
  6898 | D:7      | Killed a troll
  6898 | D:7      | Reached ** piety under Okawaru
  6899 | D:7      | Reached skill level 9 in Unarmed Combat
  6977 | D:7      | Killed a vault sentinel
  7022 | D:7      | Reached skill level 1 in Armour
  7116 | D:8      | Reached *** piety under Okawaru
  7124 | D:8      | Reached XP level 10. HP: 80/98 MP: 10/10
  7215 | D:8      | Reached skill level 5 in Throwing
  7299 | D:8      | Found Xuunahee's Antique Armour Boutique.
  7365 | D:8      | Found a broken altar of Ashenzari.
  7375 | D:8      | Found Qoatoach's Assorted Antiques.
  7383 | D:8      | Bought a scroll of revelation for 180 gold pieces
  7435 | D:8      | Found Ygub's Distillery.
  7441 | D:8      | Bought a potion of enlightenment for 70 gold pieces
  7441 | D:8      | Bought a potion of might for 56 gold pieces
  7625 | D:8      | Found the +18 shield of the Gong {Loud rN+ Will+ rCorr
                  | EV-5}
  7696 | D:8      | Found Exzadetu's Weapon Shop.
  7758 | D:8      | Found Wikuivap's Jewellery Boutique.
  7782 | D:8      | Found Worutela's Assorted Antiques.
  7791 | D:8      | Bought a potion of curing for 69 gold pieces
  8062 | D:9      | Reached **** piety under Okawaru
  8082 | D:9      | Found a transporter.
  8087 | D:9      | Noticed a deep troll
  8088 | D:9      | Noticed a two-headed ogre
  8089 | D:9      | Noticed a two-headed ogre
  8090 | D:9      | Noticed a two-headed ogre
  8118 | D:9      | Noticed a moth of wrath
  8119 | D:9      | Found a bloodstained altar of Trog.
  8119 | D:9      | Noticed Azoth's ghost (novice DEBr)
  8169 | D:9      | Noticed a two-headed ogre
  8187 | D:9      | Killed a two-headed ogre
  8200 | D:9      | Reached skill level 10 in Unarmed Combat
  8336 | D:9      | Noticed a two-headed ogre
  8361 | D:9      | Found a transporter.
  8385 | D:9      | Found a shimmering blue altar of Sif Muna.
  8596 | D:9      | Reached ***** piety under Okawaru
  8603 | D:9      | Identified the +3 falchion "Eckec" {venom, *Corrode Str+3
                  | SInv Stlth+}
  8634 | D:9      | Found a hazy altar of Hepliaklqana.
  8765 | D:10     | Entered Level 10 of the Dungeon
  8788 | D:10     | Noticed a two-headed ogre
  8903 | D:10     | Killed a two-headed ogre
  8904 | D:10     | Reached XP level 11. HP: 74/105 MP: 11/11
  8968 | D:10     | Received a gift from Okawaru
  8969 | D:10     | Reached skill level 11 in Unarmed Combat
  9131 | D:10     | Found a portal to a secret trove of treasure.
  9527 | D:11     | Noticed Erica
  9536 | D:11     | Killed Erica
  9550 | D:11     | Noticed a two-headed ogre
  9551 | D:11     | Noticed a two-headed ogre
  9567 | D:10     | Killed a two-headed ogre
  9601 | D:11     | Noticed a two-headed ogre
  9650 | D:10     | Killed a two-headed ogre
  9650 | D:10     | Received a gift from Okawaru
  9651 | D:10     | Reached skill level 12 in Unarmed Combat
  9656 | D:10     | Killed a two-headed ogre
  9710 | D:10     | Reached skill level 10 in Shields
  9723 | D:10     | Killed from afar by a gargoyle

Illustrated notes

Levels and vault maps discovered:
D:1:      wander_arrival_lonely_grave, layout_basic
D:2:      layout_basic, minmay_unequal, uniq_jessica
D:3:      layout_rooms, nicolae_overflow_hidden_temple,
          hellmonk_ecumenical_altar_lost_god, gup_sewer_entry_glass
D:4:      layout_rooms, minmay_temple_entry_glass, nicolae_titane
D:5:      layout_loops_corners, ebering_ghost_rock_garden, serial_bayou_pond_b
D:6:      layout_basic
D:7:      layout_basic
D:8:      layout_layer_cave, mainiacjoe_overflow_alcove_4, serial_shops,
          nicolae_shop_bloodbath_and_beyond, shop,
          nicolae_shop_temple_entry_statues_fountains, shop,
          nicolae_stop_n_shop_2, nicolae_stop_n_shop_1,
          hellmonk_guarded_unrand_gong
D:9:      layout_basic, mainiacjoe_overflow_brackets, lemuel_round_altar,
          gammafunk_ghost_wrathful_warriors, minmay_fractal_squares_gapless_5
D:10:     layout_rooms, enter_trove_3, grunt_livestock, minmay_liquid_box,
          minivault_16
D:11:     layout_cave_pools, lair_entry_dummy, uniq_erica
Temple:   nicolae_temple_bog_church

Skill      XL: |  1  2  3  4  5  6  7  8  9 10 11 |
---------------+----------------------------------+-----
Shields        | 3 5 7 10 | 10.1
Fighting       | 3 5 6 |  6.0
Dodging        | 3 |  3.0
Unarmed Combat | 4 5 7 9 10 12 | 12.0
Invocations    | 2 |  2.0
Stealth        | 2 |  2.0
Throwing       | 3 4 5 |  5.0
Armour         | 3 4 |  4.0

Action                     |  1- 3 |  4- 6 |  7- 9 | 10-12 || total
---------------------------+-------+-------+-------+-------++-------
  Melee: Unarmed           |    63 |   313 |   271 |   325 ||   972
  Throw: Dart              |       |       |     5 |     2 ||     7
         Large rock        |       |       |     1 |       ||     1
         Throwing net      |       |       |     1 |       ||     1
         Boomerang         |       |       |       |     4 ||     4
 Invoke: Heroism           |       |       |       |     3 ||     3
  Evoke: Wand              |       |       |       |     1 ||     1
    Use: Scroll            |       |     7 |     6 |     1 ||    14
         Potion            |       |       |       |     1 ||     1
   Stab: Sleeping          |       |       |     1 |       ||     1
 Armour: Robe              |    24 |   164 |   141 |    16 ||   345
         Steam dragon scal |       |       |       |    61 ||    61
         Troll leather arm |       |       |       |    80 ||    80
  Dodge: Dodged            |    12 |   114 |    74 |    30 ||   230
         Repelled          |       |       |     1 |       ||     1
  Block: Kite shield       |    16 |   135 |   106 |   432 ||   689
         Form:             |       |       |     1 |       ||     1
         Storm             |       |       |     1 |       ||     1

Table legend: (Time is in decaauts)
 A = Elapsed time spent in this place.
 B = Non-inter-level travel time spent in this place.
 C = Inter-level travel time spent in this place.
 D = Time resting spent in this place.
 E = Time spent auto-exploring this place.
 F = Levels seen in this place.
 G = Mean time per level.
                   A        B        C        D        E       F      G
               +--------+--------+--------+--------+--------+-----+--------+
         Total |   9718 |   9150 |    568 |    372 |   6586 |  13 |  747.5 |
       Dungeon |   9041 |   8473 |    568 |    372 |   6168 |  11 |  821.9 |
        Temple |     15 |     15 |      0 |      0 |      0 |   1 |   15.0 |
         Sewer |    661 |    661 |      0 |      0 |    418 |   1 |  661.0 |
               +--------+--------+--------+--------+--------+-----+--------+

Top non-repeatable levels by time:
     D:7: 1333 daAuts
     D:5: 1102 daAuts
     D:2: 969 daAuts
     D:8: 960 daAuts
     D:6: 843 daAuts
     D:3: 824 daAuts
    D:10: 823 daAuts
     D:1: 798 daAuts
     D:9: 758 daAuts
   Sewer: 661 daAuts
     D:4: 503 daAuts
    D:11: 125 daAuts
  Temple: 15 daAuts
